 Dungeon Crawl Stone Soup version 0.28.0-53-g5a82cb258f (webtiles) character file.

Game seed: 10507974752282344977

2958 MiltankisOP the Grappler (level 9, -6/92 HPs)
             Began as a Troll Monk on June 14, 2022.
             Was a High Priest of Cheibriados.
             Mangled by a gnoll
             ... wielding a +0 whip
              (8 damage)
             ... on level 7 of the Dungeon.
             The game lasted 00:07:13 (5193 turns).

MiltankisOP the Grappler (Troll Monk)               Turns: 5193, Time: 00:07:13

Health: -6/92      AC:  6    Str: 38    XL:     9   Next: 52%
Magic:  8/8        EV: 16    Int: 19    God:    Cheibriados [*****.]
Gold:   394        SH:  0    Dex: 31    Spells: 8/8 levels left

rFire   + . .      SeeInvis .     - Unarmed
rCold   . . .      Faith    .   (no shield)
rNeg    . . .      Spirit   .   z - +2 robe {rF+}
rPois   .          Reflect  .   (helmet restricted)
rElec   .          Harm     .   (no cloak)
rCorr   .          Rampage  .   (gloves unavailable)
Will    .....                   (boots unavailable)
Stlth   +++.......              (no amulet)
HPRegen 1.05/turn               j - +6 ring of dexterity
MPRegen 0.11/turn               (no ring)

@: lethally poisoned (-6 -> -15), very slow
A: large, unfitting armour, claws 3, regeneration 1, shaggy fur 1, tough skin 1
a: Renounce Religion, Bend Time, Temporal Distortion, Slouch, Step From Time


You were on level 7 of the Dungeon.
You worshipped Cheibriados.
Cheibriados was extremely pleased with you.
You visited 2 branches of the dungeon, and saw 8 of its levels.

You collected 394 gold pieces.

Inventory:

Armour
 a - a +0 robe
 h - a scarf of invisibility
 z - a +2 robe of fire resistance (worn)
Jewellery
 e - a ring of protection from cold
 j - a +6 ring of dexterity (left claw)
 k - an amulet of faith
 q - a +6 ring of strength
 u - an amulet of magic regeneration
 y - a +4 ring of evasion
 A - a +6 ring of intelligence
Wands
 s - a wand of flame (16)
 v - a wand of mindburst (18)
Scrolls
 b - 5 scrolls of teleportation {unknown}
 d - 2 scrolls of enchant armour {unknown}
 g - a scroll of torment {unknown}
 l - 8 scrolls of identify {unknown}
 n - 3 scrolls of amnesia {unknown}
 o - 3 scrolls of fog {unknown}
 p - a scroll of silence {unknown}
 r - a scroll of enchant weapon {unknown}
 t - a scroll of vulnerability {unknown}
 w - a scroll of immolation {unknown}
 x - a scroll of blinking {unknown}
Potions
 c - 9 potions of curing
 f - 2 potions of ambrosia {unknown}
 i - 3 potions of heal wounds {unknown}
 m - 3 potions of flight {unknown}


   Skills:
 - Level 6.6 Fighting
 * Level 6.4 Dodging
 - Level 2.5 Stealth
 - Level 8.0 Unarmed Combat


You had 8 spell levels left.
You didn't know any spells.
Your spell library contained the following spells:

 Spells                   Type           Power      Damage    Failure   Level
 Corpse Rot               Necr/Air       0%         N/A       30%         2
 Poisonous Vapours        Pois/Air       0%         N/A       30%         2
 Dazzling Flash           Conj/Hex       0%         N/A       52%         3
 Iskenderun's Mystic Bla  Conj/Tloc      0%         2d3       90%         4
 Starburst                Conj/Fire      0%         6d3       100%        6


Dungeon Overview and Level Annotations

Branches:
Dungeon (7/15)             Temple (1/1) D:4

Altars:
Ashenzari
Cheibriados
Dithmenos
Elyvilon
Fedhas
Gozag
Hepliaklqana
Kikubaaqudgha
Makhleb
Nemelex Xobeh
Okawaru
Qazlal
Ru
Sif Muna
Trog
Uskayaw
Vehumet
Wu Jian
Xom
Yredelemnul
Zin
The Shining One


Innate Abilities, Weirdness & Mutations

You are too large for most types of armour.
You have claws for hands.
Your natural rate of healing is unusually fast.
You are covered in fur. (AC +1)
You have tough skin. (AC +1)


Message History

You are too injured to fight recklessly!
You are too injured to fight recklessly!
You are too injured to fight recklessly!
You are too injured to fight recklessly!
You are too injured to fight recklessly!
You are too injured to fight recklessly!
You are too injured to fight recklessly!
You are too injured to fight recklessly!
You are too injured to fight recklessly!
You are too injured to fight recklessly!
You are too injured to fight recklessly!
You are too injured to fight recklessly!
You are too injured to fight recklessly!
You are too injured to fight recklessly!
You are too injured to fight recklessly!
You are too injured to fight recklessly!
You are too injured to fight recklessly!
You mangle the orc priest!!
You kill the orc priest!
Cheibriados appreciates the change of pace.
You feel sick.
The gnoll sergeant hits you from afar with a +3 spear of venom.
The gnoll hits you with a +0 whip.
You feel sick.
The gnoll sergeant throws a stone.
The stone barely misses you.
The gnoll sergeant hits you from afar with a +3 spear of venom.
You are more poisoned.
The gnoll hits you but does no damage.
You see here a +0 club.
You feel very sick.
The gnoll sergeant hits you but does no damage.
The gnoll sergeant hits you with a +3 spear of venom!
* * * LOW HITPOINT WARNING * * *
You are more poisoned.
The gnoll barely misses you.
You closely miss the gnoll sergeant.
You feel very sick.
The gnoll sergeant hits you with a +3 spear of venom!
* * * LOW HITPOINT WARNING * * *
The gnoll hits you with a +0 whip!
You die...

###########.....# #..
##.....#.......#.#
....
#..............#.# ..
####
........)))......#...
....................#
.......).)).)......#
..........)..).#...##
............)g.......
..........(..@g......
#....................
#..........:#.......
##........##........
)........ ........
...... #.......
...... #...... ...
......


You could see a gnoll sergeant and a gnoll.

Vanquished Creatures
  Pikel (D:4)
  Sigmund (D:6)
  Menkaure (D:4)
  An acid dragon (D:7)
  Duvessa (D:5)
  A water moccasin (D:7)
  An ice beast (D:5)
  An orc warrior (D:7)
  A black bear (D:6)
  An ogre (D:4)
  A necrophage (D:6)
  Blork the orc (D:4)
  2 scorpions
  Dowan (D:5)
  5 wights (D:7)
  5 howler monkeys (D:7)
  2 centaur zombies (D:6)
  2 hounds
  A jelly (D:7)
  A centaur skeleton (D:6)
  4 orc priests
  A gnoll shaman (D:5)
  A bullfrog skeleton (D:4)
  3 iguanas
  4 orc wizards
  A hound skeleton (D:4)
  6 gnolls
  A howler monkey skeleton (D:6)
  8 adders
  A shadow imp (D:5)
  3 ufetubi
  3 worms
  2 dart slugs (D:1)
  21 orcs
  7 endoplasms
  A giant cockroach (D:2)
  12 goblins
  6 hobgoblins
  A quokka (D:3)
  5 ball pythons
  5 bats
  4 frilled lizards
  6 kobolds
  A rat (D:1)
138 creatures vanquished.

Vanquished Creatures (others)
  A fungus (D:2)
  9 plants
10 creatures vanquished.

Grand Total: 148 creatures vanquished

Notes
Turn   | Place    | Note
-------+----------+-------------------------------------------
     0 | D:1      | MiltankisOP the Troll Monk began the quest for the Orb.
     0 | D:1      | Reached XP level 1. HP: 22/22 MP: 0/0
   281 | D:1      | Reached XP level 2. HP: 29/29 MP: 1/1
   884 | D:1      | Reached XP level 3. HP: 35/36 MP: 2/2
   988 | D:2      | Found a faded altar of an unknown god.
   993 | D:2      | Prayed at the altar of an unknown god.
   993 | D:2      | Became a worshipper of Cheibriados the Contemplative
   993 | D:2      | Reached * piety under Cheibriados
   993 | D:2      | Reached ** piety under Cheibriados
  1127 | D:2      | Reached *** piety under Cheibriados
  1258 | D:2      | Noticed a scorpion
  1263 | D:2      | Killed a scorpion
  1264 | D:2      | Reached XP level 4. HP: 45/45 MP: 3/3
  1947 | D:3      | Found a basalt altar of Yredelemnul.
  1957 | D:3      | Reached XP level 5. HP: 53/53 MP: 4/4
  2418 | D:4      | Reached skill level 4 in Unarmed Combat
  2536 | D:4      | Noticed a lemure
  2537 | D:4      | Noticed Pikel
  2538 | D:4      | Noticed a lemure
  2551 | D:4      | Killed Pikel
  2552 | D:4      | Reached skill level 5 in Unarmed Combat
  2552 | D:4      | Reached XP level 6. HP: 21/62 MP: 5/5
  2552 | D:4      | Reached XP level 7. HP: 24/70 MP: 6/6
  2648 | D:4      | Reached **** piety under Cheibriados
  2651 | D:4      | Noticed Menkaure
  2656 | D:4      | Killed Menkaure
  2881 | D:4      | Found a staircase to the Ecumenical Temple.
  2887 | Temple   | Entered the Ecumenical Temple
  3414 | D:4      | Noticed Blork the orc
  3421 | D:4      | Killed Blork the orc
  3422 | D:4      | Reached skill level 6 in Unarmed Combat
  3422 | D:4      | Reached XP level 8. HP: 69/79 MP: 7/7
  3423 | D:4      | Reached skill level 5 in Fighting
  3754 | D:5      | Entered Level 5 of the Dungeon
  3880 | D:5      | Noticed Dowan
  3881 | D:5      | Noticed Duvessa
  3887 | D:5      | Killed Duvessa
  3889 | D:5      | Killed Dowan
  4052 | D:5      | Reached skill level 7 in Unarmed Combat
  4397 | D:6      | Reached ***** piety under Cheibriados
  4519 | D:6      | Noticed Sigmund
  4531 | D:6      | Killed Sigmund
  4532 | D:6      | Reached skill level 8 in Unarmed Combat
  4532 | D:6      | Reached XP level 9. HP: 92/92 MP: 8/8
  5012 | D:7      | Reached skill level 5 in Dodging
  5046 | D:7      | Identified the +9 dagger "Boutadata" {vorpal, rPois rC+
                  | Dex+4 Stlth+}
  5193 | D:7      | HP: 2/92 [gnoll sergeant/+3 spear of venom (14)]
  5193 | D:7      | Mangled by a gnoll

Illustrated notes

Levels and vault maps discovered:
D:1:      co_arrival_random_square_maze, layout_basic, st_stairs_3,
          minmay_split_cup_large
D:2:      layout_basic, shapermc_ecumenical_altar_mp_ritualfount
D:3:      layout_loops_ring, overflow_temple_1_default,
          chequers_serial_rivers_large_a, patterned_corridor
D:4:      cheibrodos_quashed, layout_basic, minmay_temple_entry_enclosed_plants,
          minmay_liquid_box, nicolae_concentric_dashed_squares_mild, uniq_pikel,
          uniq_blork_the_orc, uniq_menkaure
D:5:      layout_rooms, uniq_duvessa
D:6:      layout_rooms, serial_park_tiny_2, uniq_sigmund
D:7:      layout_rooms
Temple:   mainiacjoe_temple_trianglar_array

Skill      XL: |  1  2  3  4  5  6  7  8  9 |
---------------+----------------------------+-----
Fighting       | 3 4 6 |  6.6
Dodging        | 3 4 6 |  6.4
Unarmed Combat | 5 6 8 |  8.0
Stealth        | 2 |  2.5

Action                   |  1- 3 |  4- 6 |  7- 9 || total
-------------------------+-------+-------+-------++-------
Melee: Unarmed           |    91 |    54 |   183 ||   328
       Punch             |     1 |     1 |     8 ||    10
 Stab: Sleeping          |       |     5 |     5 ||    10
Armor: Robe              |    38 |     8 |    37 ||    83
Dodge: Dodged            |    49 |    17 |   154 ||   220
